 Dungeon Crawl Stone Soup version 0.30.0-30-g96aa6591b8 (webtiles) character file.

Game seed: 14877044932270092988

35382 croobank the Blocker (level 13, -7/106 HPs)
             Began as a Gnoll Fighter on June 30, 2023.
             Was an Initiate of Gozag.
             Mangled by Snorg (14 damage)
             ... on level 5 of the Lair of Beasts.
             The game lasted 01:51:48 (13170 turns).

croobank the Blocker (Gnoll Fighter)               Turns: 13170, Time: 01:51:49

Health: -7/106     AC: 15    Str: 16    XL:     13   Next: 83%
Magic:  25/25      EV: 16    Int: 12    God:    Gozag
Gold:   1920       SH:  8    Dex: 24    Spells: 21/29 levels left

rFire   . . .        a - +4 scimitar (flame)
rCold   . . .        c - +0 buckler
rNeg    . . .        l - +0 scale mail
rPois   .            k - +1 helmet
rElec   .            O - +0 cloak
rCorr   .            s - +1 pair of gloves
SInv    .            (no boots)
Will    .....        o - amulet of regeneration
Stlth   +++          w - +6 ring of dexterity
HPRegen 1.17/turn    f - +6 ring of dexterity
MPRegen 0.19/turn

%: no passive effects
@: wereblooded, hasted, very quick
A: fangs 1, strong nose, distributed training
a: Renounce Religion, Potion Petition, Call Merchant, Bribe Branch


You were on level 5 of the Lair of Beasts.
You worshipped Gozag.
Gozag was most pleased with you.
You visited 3 branches of the dungeon, and saw 17 of its levels.
You also visited: Sewer.

You collected 2121 gold pieces.
You spent 82 gold pieces at shops.
You paid 119 gold pieces to Gozag.

Inventory:

Hand Weapons
 a - a +4 scimitar of flaming (weapon)
 d - a +1 dagger of venom
 t - a +0 short sword of venom
 v - a +1 dagger of freezing
 y - a +2 short sword of speed
 z - a +0 war axe
 B - a +3 hand axe
 H - the +9 rapier of Qaekacs {elec, rElec rN+ Int-4 Dex+2}
   (You found it on level 4 of the Lair of Beasts)

   Int:       It affects your intelligence (-4).
   Dex:       It affects your dexterity (+2).
   rElec:     It insulates you from electricity.
   rN:        It protects you from negative energy.
 I - a +1 dagger of holy wrath
 K - a +0 falchion
 M - a +3 great sword of freezing
Missiles
 n - 19 poisoned darts
 E - 4 curare-tipped darts (quivered)
Armour
 c - a +0 buckler (worn)
 k - a +1 helmet (worn)
 l - a +0 scale mail (worn)
 s - a +1 pair of gloves (worn)
 L - a +0 kite shield
 O - a +0 cloak (worn)
Magical Staves
 j - a staff of poison
Jewellery
 f - a +6 ring of dexterity (right hand)
 h - a ring of protection from fire
 m - an amulet of reflection
 o - an amulet of regeneration (around neck)
 w - a +6 ring of dexterity (left hand)
 P - a ring of see invisible
 U - a +6 ring of intelligence
 Z - a ring of positive energy
Wands
 q - a wand of flame (27)
 x - a wand of paralysis (4)
 R - a wand of mindburst (5)
 T - a wand of digging (8)
Scrolls
 b - 2 scrolls of identify
 p - a scroll of summoning
 A - a scroll of vulnerability
 J - 3 scrolls of fog
 Q - a scroll of silence
 V - a scroll of immolation
 W - a scroll of poison
 Y - a scroll of enchant armour
Potions
 e - 9 potions of curing
 g - 4 potions of flight
 i - 2 potions of brilliance
 r - 5 potions of attraction
 u - 5 potions of mutation
 D - a potion of haste
 F - a potion of resistance
 G - 3 potions of ambrosia
 N - 2 potions of cancellation
 X - a potion of lignification
Miscellaneous
 C - a piece from Xom's chessboard (15/15)


   Skills:
 + Level 11.0 Fighting
 + Level 8.9 Short Blades
 + Level 8.9 Long Blades
 + Level 10.0 Axes
 + Level 8.9 Maces & Flails
 + Level 8.9 Polearms
 + Level 8.9 Staves
 + Level 8.9 Ranged Weapons
 + Level 8.9 Throwing
 + Level 11.0 Armour
 + Level 8.9 Dodging
 + Level 8.9 Stealth
 + Level 11.0 Shields
 + Level 8.9 Unarmed Combat
 + Level 8.9 Spellcasting
 + Level 7.4 Conjurations
 + Level 7.4 Hexes
 + Level 7.4 Summonings
 + Level 7.4 Necromancy
 + Level 7.4 Translocations
 + Level 7.4 Transmutations
 + Level 7.4 Fire Magic
 + Level 7.4 Ice Magic
 + Level 7.4 Air Magic
 + Level 7.4 Earth Magic
 + Level 7.4 Poison Magic
 + Level 9.7 Invocations
 + Level 8.9 Evocations


You had 21 spell levels left.
You knew the following spells:

 Your Spells              Type           Power      Damage    Failure   Level
a - Wereblood             Tmut           23%        N/A       3%          2
b - Inner Flame           Hex/Fire       23%        N/A       6%          3
c - Volatile Blastmotes   Fire/Tloc      46%        2d13      6%          3

Your spell library contained the following spells:

 Spells                   Type           Power      Damage    Failure   Level
 Sublimation of Blood     Necr           23%        N/A       3%          2
 Flame Wave               Conj/Fire      23%        2d8       22%         4
 Fulminant Prism          Conj/Hex       11%        3d8       22%         4
 Iskenderun's Mystic Bla  Conj/Tloc      23%        2d6       22%         4
 Sticky Flame             Conj/Fire      23%        2d4       22%         4
 Lee's Rapid Deconstruct  Erth           11%        3d8*      52%         5
 Summon Hydra             Summ           11%        N/A       100%        7


Dungeon Overview and Level Annotations

Branches:
Dungeon (11/15)            Temple (1/1) D:7            Lair (5/5) D:8
 Shoals (0/4) Lair:2       Spider (0/4) Lair:3        Slime (0/5) Lair:5
  Sewer (visited)
    Orc: D:9-12

Altars:
Ashenzari
Cheibriados
Dithmenos
Elyvilon
Fedhas
Gozag
Hepliaklqana
Kikubaaqudgha
Makhleb
Nemelex Xobeh
Okawaru
Qazlal
Ru
Sif Muna
Trog
Uskayaw
Vehumet
Wu Jian
Xom
Yredelemnul
Zin
The Shining One
Jiyva

Shops:
D:4 *

Annotations:
D:8 2 transporters
Lair:2 !death yaks in west
Lair:3 2 transporters
Lair:5 Snorg


Innate Abilities, Weirdness & Mutations

You have very sharp teeth.
Your uncanny sense of smell can sniff out nearby items.
Your experience applies equally to all skills.


Message History

You block the one-headed hydra's attack.
You chop the one-headed hydra's last head off!
You feel a bit better.
You kill the one-headed hydra!
You barely miss Snorg. You bite Snorg.
Snorg is lightly wounded.
Snorg completely misses you. You block Snorg's attack.
Snorg claws you but does no damage.
You slash Snorg! You burn Snorg.
Snorg is lightly wounded.
Snorg bites you. Snorg claws you but does no damage. Snorg claws you.
You slash Snorg! You burn Snorg. You bite Snorg.
Snorg is moderately wounded.
Snorg closely misses you. You block Snorg's attack. x2
You hit Snorg. You burn Snorg.
Snorg is moderately wounded.
You howl as the wereblood boils in your veins!
Snorg barely misses you. Snorg claws you! You block Snorg's attack.
You slice Snorg!! You burn Snorg! Your bite misses Snorg.
Snorg is heavily wounded.
Snorg closely misses you. Snorg misses you. Snorg claws you but does no damage.
You hit Snorg. You burn Snorg.
Snorg is heavily wounded.
Snorg bites you! Snorg closely misses you. Snorg claws you!
You slice Snorg!! You burn Snorg.
Snorg is severely wounded.
Snorg bites you. You block Snorg's attack. Snorg claws you.
You closely miss Snorg. You bite Snorg.
Snorg is severely wounded.
Snorg bites you! Snorg claws you!
* * * LOW HITPOINT WARNING * * *
Snorg claws you!
* * * LOW HITPOINT WARNING * * *
The elephant trumpets!
You slash Snorg! You burn Snorg.
Snorg is severely wounded.
You hear a trumpeting!
Snorg misses you. Snorg claws you!
You die...
Your body crumbles into a pile of gold.

##.........
#.........
#PY.......
##....T...
#...#P.#..
#...##.##.
#P..# ##..#
##T.## ....
#@#.###.....
###....+
##..##....#
#...# .##
##.## ### #
#...##..# .#
#..#.#(P#...
##............
#.............


You could see Snorg (berserk) and an elephant.

Vanquished Creatures
  Nessos (Lair:4)
  4 hydras
  A death yak (Lair:2)
  A catoblepas (Lair:4)
  Erica (D:9)
  A two-headed ogre (D:9)
  A boulder beetle (Lair:2)
  A skyshark (Lair:3)
  Pikel (D:8)
  A cyclops (D:8)
  2 elephants (Lair:5)
  3 black mambas
  5 cane toads
  7 komodo dragons
  4 trolls
  A merfolk (Lair:2)
  A hornet (D:9)
  6 blink frogs
  Prince Ribbit (D:9)
  10 dream sheep
  Sigmund (D:5)
  A slime creature (Lair:4)
  Eustachio (D:5)
  2 wraiths
  2 wyverns
  16 yaks
  5 basilisks
  A steam dragon (D:9)
  Menkaure (D:5)
  An acid dragon (D:9)
  12 water moccasins
  3 ice beasts
  4 black bears
  An orc warrior (D:6)
  5 sky beasts
  13 wolves
  4 centaurs
  2 ogres (D:6)
  2 phantoms
  2 kobold brigands
  11 bullfrogs
  6 wights
  4 scorpions
  5 killer bees
  An electric eel (Lair:2)
  3 howler monkeys (D:9)
  4 hounds
  A gnoll bouda (D:5)
  3 jellies
  3 orc priests
  7 iguanas
  A sleepcap (D:5)
  4 orc wizards
  12 gnolls
  3 adders
  A river rat (Sewer)
  A shadow imp (D:6)
  An ufetubus (D:7)
  4 worms
  4 dart slugs
  23 orcs
  6 bats
  13 endoplasms
  3 giant cockroaches
  5 goblins
  10 hobgoblins
  11 jackals
  12 kobolds
  9 quokkas
  7 ball pythons
  3 frilled lizards
  7 rats
320 creatures vanquished.

Notes
Turn   | Place    | Note
-------+----------+-------------------------------------------
     0 | D:1      | croobank the Gnoll Fighter began the quest for the Orb.
     0 | D:1      | Reached XP level 1. HP: 23/23 MP: 1/1
    55 | D:1      | Reached XP level 2. HP: 26/29 MP: 2/2
   319 | D:1      | Reached XP level 3. HP: 35/35 MP: 3/3
   441 | D:1      | Reached skill level 1 in Invocations
   773 | D:1      | Reached skill level 1 in Short Blades
   773 | D:1      | Reached skill level 1 in Long Blades
   773 | D:1      | Reached skill level 1 in Maces & Flails
   773 | D:1      | Reached skill level 1 in Polearms
   773 | D:1      | Reached skill level 1 in Staves
   773 | D:1      | Reached skill level 1 in Ranged Weapons
   773 | D:1      | Reached skill level 1 in Throwing
   773 | D:1      | Reached skill level 1 in Dodging
   773 | D:1      | Reached skill level 1 in Stealth
   773 | D:1      | Reached skill level 1 in Unarmed Combat
   773 | D:1      | Reached skill level 1 in Spellcasting
   773 | D:1      | Reached skill level 1 in Evocations
  1064 | D:2      | Reached XP level 4. HP: 41/41 MP: 5/5
  1139 | D:2      | Reached skill level 1 in Conjurations
  1139 | D:2      | Reached skill level 1 in Hexes
  1139 | D:2      | Reached skill level 1 in Summonings
  1139 | D:2      | Reached skill level 1 in Necromancy
  1139 | D:2      | Reached skill level 1 in Translocations
  1139 | D:2      | Reached skill level 1 in Transmutations
  1139 | D:2      | Reached skill level 1 in Fire Magic
  1139 | D:2      | Reached skill level 1 in Ice Magic
  1139 | D:2      | Reached skill level 1 in Air Magic
  1139 | D:2      | Reached skill level 1 in Earth Magic
  1139 | D:2      | Reached skill level 1 in Poison Magic
  1644 | D:3      | Found a bloodstained altar of Trog.
  1759 | D:3      | Found a hazy altar of Hepliaklqana.
  1780 | D:3      | Found a snail-covered altar of Cheibriados.
  1780 | D:3      | Found a shadowy altar of Dithmenos.
  1781 | D:3      | Found a shimmering blue altar of Sif Muna.
  2065 | D:3      | Found a glowing golden altar of the Shining One.
  2440 | D:3      | Noticed a phantom
  2465 | D:3      | Killed a phantom
  2466 | D:3      | Reached XP level 5. HP: 47/47 MP: 7/7
  2786 | D:4      | Found a sacrificial altar of Ru.
  2813 | D:4      | Found a hide-covered altar of Uskayaw.
  2841 | D:4      | Found a glowing drain.
  2855 | Sewer    | Entered a sewer
  2915 | Sewer    | Noticed a kobold brigand
  2924 | Sewer    | Killed a kobold brigand
  2925 | Sewer    | Reached skill level 5 in Axes
  2925 | Sewer    | Reached XP level 6. HP: 51/53 MP: 7/9
  2949 | Sewer    | Found a white marble altar of Elyvilon.
  3177 | D:4      | Noticed a black bear
  3187 | D:4      | Killed a black bear
  3256 | D:4      | Reached XP level 7. HP: 60/60 MP: 10/10
  3314 | D:4      | Learned a level 2 spell: Wereblood
  3431 | D:4      | Found a burning altar of Makhleb.
  3676 | D:4      | Found Cidann's General Store.
  3684 | D:4      | Bought a scroll of enchant armour for 82 gold pieces
  3711 | D:5      | Entered Level 5 of the Dungeon
  3716 | D:5      | Noticed Eustachio
  3728 | D:5      | Killed Eustachio
  3753 | D:5      | Noticed Menkaure
  3771 | D:5      | Killed Menkaure
  3772 | D:5      | Reached XP level 8. HP: 66/67 MP: 12/12
  3855 | D:5      | Noticed Sigmund
  3868 | D:5      | Killed Sigmund
  4346 | D:5      | Reached XP level 9. HP: 71/73 MP: 14/14
  4809 | D:6      | Found a blossoming altar of Fedhas.
  5155 | D:6      | Reached skill level 5 in Invocations
  5665 | D:7      | Reached skill level 5 in Short Blades
  5665 | D:7      | Reached skill level 5 in Long Blades
  5665 | D:7      | Reached skill level 5 in Maces & Flails
  5665 | D:7      | Reached skill level 5 in Polearms
  5665 | D:7      | Reached skill level 5 in Staves
  5665 | D:7      | Reached skill level 5 in Ranged Weapons
  5665 | D:7      | Reached skill level 5 in Throwing
  5665 | D:7      | Reached skill level 5 in Dodging
  5665 | D:7      | Reached skill level 5 in Stealth
  5665 | D:7      | Reached skill level 5 in Unarmed Combat
  5665 | D:7      | Reached skill level 5 in Spellcasting
  5665 | D:7      | Reached skill level 5 in Evocations
  5665 | D:7      | Reached XP level 10. HP: 77/81 MP: 17/17
  5702 | D:7      | Found an ornate altar of the Wu Jian Council.
  6242 | D:7      | Found a staircase to the Ecumenical Temple.
  6292 | Temple   | Entered the Ecumenical Temple
  6323 | Temple   | Became a worshipper of Gozag Ym Sagoz the Greedy
  6928 | D:8      | Found a staircase to the Lair.
  6928 | D:8      | Noticed Pikel
  6961 | D:8      | Killed Pikel
  7180 | D:8      | Found a transporter.
  7186 | D:8      | Found an ancient bone altar of Kikubaaqudgha.
  7191 | D:8      | Noticed a flayed ghost
  7197 | D:8      | Found a basalt altar of Yredelemnul.
  7200 | D:8      | Found a transporter.
  7251 | D:8      | Noticed a cyclops
  7261 | D:8      | Killed a cyclops
  7349 | D:8      | Reached skill level 5 in Conjurations
  7349 | D:8      | Reached skill level 5 in Hexes
  7349 | D:8      | Reached skill level 5 in Summonings
  7349 | D:8      | Reached skill level 5 in Necromancy
  7349 | D:8      | Reached skill level 5 in Translocations
  7349 | D:8      | Reached skill level 5 in Transmutations
  7349 | D:8      | Reached skill level 5 in Fire Magic
  7349 | D:8      | Reached skill level 5 in Ice Magic
  7349 | D:8      | Reached skill level 5 in Air Magic
  7349 | D:8      | Reached skill level 5 in Earth Magic
  7349 | D:8      | Reached skill level 5 in Poison Magic
  7509 | D:8      | Reached XP level 11. HP: 89/89 MP: 20/20
  8037 | D:9      | Noticed Prince Ribbit
  8042 | D:9      | Killed Prince Ribbit
  8416 | D:9      | Noticed Erica
  8445 | D:9      | Killed Erica
  8517 | D:9      | Noticed a two-headed ogre
  8517 | D:9      | You fall into a shaft and drop 2 floors!
  8549 | D:11     | Reached XP level 12. HP: 97/97 MP: 20/22
  8606 | D:11     | Noticed a centaur warrior
  8611 | D:10     | Entered Level 10 of the Dungeon
  8620 | D:10     | Identified a scroll of acquirement
  8620 | D:10     | Acquired 837 gold pieces
  8758 | D:9      | Killed a two-headed ogre
  8834 | D:9      | Reached skill level 10 in Fighting
  8834 | D:9      | Reached skill level 10 in Armour
  8834 | D:9      | Reached skill level 10 in Shields
  8976 | Lair:1   | Entered Level 1 of the Lair of Beasts
  9777 | Lair:2   | Noticed a boulder beetle
  9790 | Lair:2   | Killed a boulder beetle
  9926 | Lair:2   | Noticed a four-headed hydra
  9936 | Lair:2   | Killed a one-headed hydra
  9937 | Lair:2   | Reached XP level 13. HP: 75/104 MP: 24/24
 10290 | Lair:2   | Found a staircase to the Shoals.
 10657 | Lair:2   | HP: 1/104 [cane toad (19)]
 10892 | Lair:4   | Identified the +9 rapier of Qaekacs {elec, rElec rN+ Int-4
                  | Dex+2}
 10922 | Lair:4   | Noticed Nessos
 10943 | Lair:4   | Killed Nessos
 11037 | Lair:4   | Learned a level 3 spell: Inner Flame
 11537 | Lair:3   | Found a hole to the Spider Nest.
 11648 | Lair:3   | Found a transporter.
 11736 | Lair:3   | Found a transporter.
 12058 | Lair:4   | Learned a level 3 spell: Volatile Blastmotes
 12773 | Lair:5   | Entered Level 5 of the Lair of Beasts
 12777 | Lair:5   | Found a staircase to the Slime Pits.
 12777 | Lair:5   | Found a viscous altar of Jiyva.
 12855 | Lair:5   | Noticed Snorg
 12881 | Lair:5   | Reached skill level 10 in Axes
 13170 | Lair:5   | Mangled by Snorg

Illustrated notes

Levels and vault maps discovered:
D:1:      dpeg_arrival_boxorama, layout_loops_ring
D:2:      layout_loops_ring
D:3:      layout_loops_ring, nicolae_overflow_quartered_altars,
          mainiacjoe_overflow_brackets, mainiacjoe_overflow_alcove_1,
          grunt_ministairs_11
D:4:      layout_basic, bloody_makhleb, general_overflow_altar,
          nicolae_ru_sacrificial_ziggurat, cheibrodos_sewer_entry_bend,
          serial_shops, nicolae_shop_back_alley_shop
D:5:      wad_crossroads, layout_basic, uniq_menkaure, uniq_sigmund,
          uniq_eustachio
D:6:      layout_rooms, fedhas_altar_2
D:7:      layout_rooms, lemuel_doored_altar, minmay_temple_entry_antechambers,
          minmay_misc_feat_four_crosses
D:8:      layout_loops_ring, gammafunk_temple_of_torment,
          due_lair_maze_entry_diamond, uniq_pikel
D:9:      layout_roguey, uniq_erica, uniq_prince_ribbit1
D:10:     layout_small_grid, david_orc_3, serial_shops, shop
D:11:     layout_loops_ring
Temple:   hellmonk_temple_beads
Lair:1:   layout_cave_shapes, grunt_megastairs_2, serial_bayou_shore_b,
          infiniplex_staircase_pool
Lair:2:   layout_hall_layers, elwin_shoals_entry_rooms, serial_bayou_shore_b,
          lemuel_fruit_tree
Lair:3:   gammafunk_worm_tunnel, layout_chaotic_city,
          spider_nest_entry_web_field, grunt_megastairs_3
Lair:4:   layout_gridlike, uniq_nessos
Lair:5:   evilmike_catoblepas_cave, layout_regular_city,
          minmay_slime_entry_pillars, gammafunk_ghost_cemetery, uniq_snorg

Skill      XL: |  1  2  3  4  5  6  7  8  9 10 11 12 13 |
---------------+----------------------------------------+-----
Invocations    | 1 2 3 4 5 6 8 9 |  9.7
Short Blades   | 1 2 3 5 6 7 8 |  8.9
Long Blades    | 1 2 3 5 6 7 8 |  8.9
Maces & Flails | 1 2 3 5 6 7 8 |  8.9
Polearms       | 1 2 3 5 6 7 8 |  8.9
Staves         | 1 2 3 5 6 7 8 |  8.9
Ranged Weapons | 1 2 3 5 6 7 8 |  8.9
Throwing       | 1 2 3 5 6 7 8 |  8.9
Dodging        | 1 2 3 5 6 7 8 |  8.9
Stealth        | 1 2 3 5 6 7 8 |  8.9
Unarmed Combat | 1 2 3 5 6 7 8 |  8.9
Spellcasting   | 1 2 3 5 6 7 8 |  8.9
Evocations     | 1 2 3 5 6 7 8 |  8.9
Conjurations   | 1 2 3 4 5 6 7 |  7.4
Hexes          | 1 2 3 4 5 6 7 |  7.4
Summonings     | 1 2 3 4 5 6 7 |  7.4
Necromancy     | 1 2 3 4 5 6 7 |  7.4
Translocations | 1 2 3 4 5 6 7 |  7.4
Transmutations | 1 2 3 4 5 6 7 |  7.4
Fire Magic     | 1 2 3 4 5 6 7 |  7.4
Ice Magic      | 1 2 3 4 5 6 7 |  7.4
Air Magic      | 1 2 3 4 5 6 7 |  7.4
Earth Magic    | 1 2 3 4 5 6 7 |  7.4
Poison Magic   | 1 2 3 4 5 6 7 |  7.4
Axes           | 5 6 7 8 9 10 | 10.0
Fighting       | 7 8 9 10 11 | 11.0
Armour         | 7 8 9 10 11 | 11.0
Shields        | 7 8 9 10 11 | 11.0

Action                     |  1- 3 |  4- 6 |  7- 9 | 10-12 | 13-15 || total
---------------------------+-------+-------+-------+-------+-------++-------
  Melee: War axe           |    94 |   171 |   182 |   159 |       ||   606
         Bite              |     8 |    18 |    67 |   109 |    66 ||   268
         Short sword       |       |       |   170 |   279 |       ||   449
         Dagger            |       |       |    68 |    98 |    55 ||   221
         Scimitar          |       |       |       |   120 |   191 ||   311
         Rapier            |       |       |       |       |    48 ||    48
         Hand axe          |       |       |       |       |    33 ||    33
  Throw: Dart              |       |     1 |     1 |     7 |     1 ||    10
   Cast: Wereblood         |       |       |     7 |    32 |    16 ||    55
         Volatile Blastmot |       |       |       |       |     9 ||     9
         Inner Flame       |       |       |       |       |     4 ||     4
  Evoke: Wand              |       |       |     4 |    18 |    15 ||    37
    Use: Scroll            |       |     9 |     7 |    10 |     7 ||    33
         Potion            |       |     1 |       |     4 |     9 ||    14
   Stab: Paralysed         |       |       |     4 |    12 |     2 ||    18
         Sleeping          |       |       |     4 |     2 |     4 ||    10
         Distracted        |       |       |       |     1 |     2 ||     3
         Invisible         |       |       |       |       |     1 ||     1
 Armour: Scale mail        |    37 |    70 |   141 |   154 |   119 ||   521
  Dodge: Dodged            |    39 |    72 |   184 |   295 |   239 ||   829
  Block: Buckler           |    43 |    47 |   156 |   186 |   135 ||   567
